 Dungeon Crawl Stone Soup version 0.29.1-2-gbd0b4ee654 (webtiles) character file.

Game seed: 10811288693109545218

49574 LustLizard the Spear-Bearer (level 14, 0/129 HPs)
             Began as a Troll Fighter on Nov 23, 2022.
             Was the Champion of Hepliaklqana.
             Slain by a sun demon (9 damage)
             ... summoned by Frances
             ... on level 13 of the Dungeon.
             The game lasted 00:40:19 (16393 turns).

LustLizard the Spear-Bearer (Troll Fighter)        Turns: 16393, Time: 00:40:21

Health: 0/129      AC: 12    Str: 29    XL:     14   Next: 16%
Magic:  13/13      EV: 10    Int:  6    God:    Hepliaklqana [******]
Gold:   1805       SH: 20    Dex:  9    Spells: 13/13 levels left

rFire   + . .      SeeInvis .   A - +9 lance "Wyrmbane" {slay drac, rPois rF+ rC+ AC+3}
rCold   . . .      Faith    .   C - +5 kite shield {reflect}
rNeg    . . .      Spirit   .   X - +1 troll leather armour {Snorg}
rPois   +          Reflect  +   F - +2 hat of Athuiqer {rPois rC- Will+ Regen+}
rElec   .          Harm     .   (no cloak)
rCorr   .          Rampage  .   (gloves unavailable)
Will    +++..                   (boots unavailable)
Stlth   ..........              h - amulet of reflection
HPRegen 2.71/turn               x - ring of willpower
MPRegen 0.13/turn               s - +4 ring of slaying

@: mighty, silenced
A: reduced essence, large, unfitting armour, claws 3, regeneration 1, shaggy fur
1, tough skin 1
a: Renounce Religion


You were on level 13 of the Dungeon.
You worshipped Hepliaklqana.
Hepliaklqana was exalted by your worship.
You visited 3 branches of the dungeon, and saw 18 of its levels.
You also visited: Bailey and Volcano.

You collected 1875 gold pieces.
You spent 70 gold pieces at shops.

Inventory:

Hand Weapons
 A - the +9 lance "Wyrmbane" (weapon) {slay drac, rPois rF+ rC+ AC+3}
   (You took it off Maggie on level 6 of the Dungeon)

   It inflicts extra damage against dragons and draconians.
   AC:        It affects your AC (+3).
   rF:        It protects you from fire.
   rC:        It protects you from cold.
   rPois:     It protects you from poison.
Missiles
 j - 40 poisoned darts (quivered)
 O - a throwing net
Armour
 C - a +5 kite shield of reflection (worn)
 F - the +2 hat of Athuiqer (worn) {rPois rC- Will+ Regen+}
   (You acquired it in a bailey)

   rC:        It makes you vulnerable to cold.
   rPois:     It protects you from poison.
   Regen:     It increases your rate of health regeneration.
   Will:      It increases your willpower.
 X - a +1 troll leather armour (worn) {Snorg}
Jewellery
 h - an amulet of reflection (around neck)
 s - a +4 ring of slaying (right claw)
 x - a ring of willpower (left claw)
 Q - a ring of fire
 S - a +6 ring of intelligence
 V - a ring of positive energy
 W - a ring of see invisible
Wands
 b - a wand of charming (3)
 c - a wand of polymorph (7)
 G - a wand of quicksilver (5)
 N - a wand of roots (7)
 R - a wand of flame (12)
Scrolls
 a - a scroll of brand weapon {unknown}
 e - a scroll of silence
 f - 2 scrolls of poison {unknown}
 g - a scroll of butterflies {unknown}
 k - 3 scrolls of immolation
 t - a scroll of torment {unknown}
 u - 4 scrolls of teleportation
 y - 2 scrolls of fear {unknown}
 J - 4 scrolls of blinking
 K - 2 scrolls of vulnerability {unknown}
 P - 2 scrolls of enchant armour
 T - a scroll of summoning {unknown}
 Y - a scroll of magic mapping {unknown}
Potions
 d - 11 potions of curing
 l - 3 potions of invisibility
 n - 5 potions of brilliance
 o - 3 potions of flight
 q - 4 potions of ambrosia
 r - 6 potions of heal wounds
 v - 7 potions of mutation
 B - 3 potions of magic
 D - 2 potions of lignification {unknown}
 E - 2 potions of berserk rage {unknown}
 H - 2 potions of resistance {unknown}
 I - 4 potions of haste


   Skills:
 + Level 10.5 Fighting
 * Level 12.6 Polearms
 + Level 7.0 Dodging
 + Level 11.4 Shields
 - Level 8.5 Unarmed Combat


You had 13 spell levels left.
You didn't know any spells.
Your spell library contained the following spells:

 Spells                   Type           Power      Damage    Failure   Level
 Apportation              Tloc           0%         N/A       69%         1
 Necrotise                Necr           0%         1d4       69%         1
 Summon Small Mammal      Summ           0%         N/A       69%         1
 Ensorcelled Hibernation  Hex/Ice        0%         N/A       83%         2
 Passwall                 Tmut/Erth      0%         N/A       83%         2
 Static Discharge         Conj/Air       0%         3-3/arc   83%         2
 Gell's Gravitas          Tloc           0%         N/A       96%         3
 Lesser Beckoning         Tloc           0%         N/A       96%         3
 Portal Projectile        Hex/Tloc       0%         N/A       96%         3
 Spider Form              Tmut/Pois      0%         N/A       96%         3
 Swiftness                Air            0%         N/A       96%         3
 Teleport Other           Tloc           0%         N/A       96%         3
 Tukima's Dance           Hex            0%         N/A       96%         3
 Vampiric Draining        Necr           0%         2d6       96%         3
 Anguish                  Hex/Necr       0%         N/A       100%        4
 Dispel Undead            Necr           0%         3d6       100%        4
 Leda's Liquefaction      Hex/Erth       0%         N/A       100%        4
 Petrify                  Tmut/Erth      0%         N/A       100%        4
 Sticky Flame             Conj/Fire      0%         2d3       100%        4
 Agony                    Necr           0%         N/A       100%        5
 Blade Hands              Tmut           0%         N/A       100%        5
 Lee's Rapid Deconstruct  Erth           0%         3d5*      100%        5
 Metabolic Englaciation   Hex/Ice        0%         N/A       100%        5
 Statue Form              Tmut/Erth      0%         N/A       100%        6


Dungeon Overview and Level Annotations

Branches:
Dungeon (13/15)            Temple (1/1) D:6            Lair (4/5) D:11
  Swamp (0/4) Lair:2       Spider (0/4) Lair:2          Orc (0/2) D:9
 Bailey (visited)         Volcano (visited)
  Slime: Lair:4-5    Vaults: D:13-14

Altars:
Ashenzari
Cheibriados
Dithmenos
Elyvilon
Fedhas
Gozag
Hepliaklqana
Kikubaaqudgha
Makhleb
Nemelex Xobeh
Okawaru
Qazlal
Ru
Sif Muna
Trog
Uskayaw
Vehumet
Wu Jian
Xom
Yredelemnul
Zin
The Shining One

Shops:
D:4 :   D:6 ([   D:9 *

Annotations:
D:13 Frances


Innate Abilities, Weirdness & Mutations

Your life essence is reduced to manifest your ancestor. (-10% HP)
You are too large for most types of armour.
You have claws for hands.
Your natural rate of healing is unusually fast.
You are covered in fur. (AC +1)
You have tough skin. (AC +1)


Message History

Æðelind closely misses Jorgrun.
You block Frances's attack.
Jorgrun hits Æðelind with a +0 vorpal quarterstaff!! Æðelind is destroyed!
You block the orange demon's attack.
You puncture Frances!
Frances is moderately wounded.
You block Frances's attack. You block the orange demon's attack.
You impale Frances!!
Frances is heavily wounded.
You puncture Jorgrun!
Jorgrun is heavily wounded.
You block Jorgrun's attack.
Frances hits you with a +0 scimitar of holy wrath!!
You barely miss Jorgrun.
Jorgrun is heavily wounded.
You puncture Jorgrun!
Jorgrun is severely wounded.
You block Frances's attack. You block Jorgrun's attack.
The orange demon stings you but does no damage.
You puncture Jorgrun!
Jorgrun is severely wounded.
Jorgrun hits you with a +0 vorpal quarterstaff!
You block Frances's attack.
You impale Jorgrun!!
Jorgrun is almost dead.
You block the orange demon's attack.
You impale Jorgrun!!
You kill Jorgrun!
Frances barely misses you. You block the orange demon's attack.
Your Dodging skill increases to level 7!
You barely miss Frances.
Frances is heavily wounded.
You impale Frances!!
Frances is severely wounded.
Frances hits you with a +0 scimitar of holy wrath!!
* * * LOW HITPOINT WARNING * * *
You block the orange demon's attack. The sun demon hits you!!
* * * LOW HITPOINT WARNING * * *
You are engulfed in flames!
You resist.
You die...

#........#....
.....#........#....
.....#........#....
.....#........#....
.............#....
#######...#..).....'....
#.....#...#..).....#....
#....4#...#........#####
#.....@@..#.............
#.....3...#.............
#.....#...#.............
#######...#########.....
#.....#......'.....
#.....'......#.....
#.....#......#.....
##############.....
######


You could see Frances, a sun demon (summoned) and an orange demon (summoned).

Vanquished Creatures
  Rupert (Lair:4)
  Jorgrun (D:13)
  Snorg (D:12)
  Erolcha (D:9)
  A two-headed ogre (D:11)
  5 death yaks (Lair:3)
  A fire crab (Volcano)
  Lodul (D:11)
  A bog body (Lair:2)
  Pikel (D:4)
  A lindwurm (Volcano)
  A torpor snail (Lair:2)
  3 gargoyles
  5 cane toads
  2 rime drakes (Lair:2)
  3 komodo dragons
  Maggie (D:6)
  3 kobold demonologists
  A troll (D:12)
  4 polar bears
  A tarantella (shapeshifter) (D:11)
  Prince Ribbit (D:5)
  6 dream sheep (Lair:2)
  3 blink frogs (Lair:2)
  7 slime creatures (D:12)
  2 wraiths
  2 shadows
  3 wyverns
  36 yaks
  2 humans (D:11)
  4 steam dragons
  5 fire bats (Volcano)
  2 basilisks
  5 vampire mosquitoes
  2 redbacks (Lair:2)
  Menkaure (D:6)
  A hell hound (Volcano)
  7 water moccasins
  12 orc warriors
  3 ice beasts
  3 black bears
  2 sky beasts (D:6)
  6 ogres
  3 wolves
  3 centaurs
  3 lemures (D:4)
  3 phantoms
  4 kobold brigands
  11 bullfrogs
  A necrophage (D:7)
  8 wights
  4 killer bees (D:10)
  5 electric eels
  7 howler monkeys
  5 lava snakes (Volcano)
  2 jellies
  A hound (D:6)
  An iguana (D:7)
  4 orc priests
  5 orc wizards
  Natasha (thrice) (D:3)
  5 ogre zombies (D:9)
  A centaur simulacrum (D:8)
  13 gnolls
  3 adders
  A white imp (D:8)
  17 orcs
  An endoplasm (D:4)
  2 giant cockroaches
  8 goblins
  6 hobgoblins
  2 jackals (D:4)
  3 quokkas
  7 ball pythons
  8 bats
  2 goblin zombies (D:9)
  2 hobgoblin zombies (D:9)
  19 kobolds
  5 orc skeletons (D:9)
  7 orc zombies (D:9)
  4 rats
  2 bushes (D:11)
345 creatures vanquished.

Vanquished Creatures (collateral kills)
  2 hydras
  A centaur warrior (D:13)
  3 death yaks (Lair:3)
  Sonja (D:13)
  A bog body (Lair:2)
  The ghost of Icepheonix32 the Insei, a novice OpTm of Gozag (D:7)
  2 manticores
  A black mamba (Lair:1)
  An elephant (D:11)
  A torpor snail (Lair:2)
  A molten gargoyle (Volcano)
  3 cane toads
  A gargoyle (D:12)
  2 komodo dragons
  2 polar bears
  A blink frog (Lair:2)
  2 trolls (D:11)
  11 yaks
  2 basilisks
  3 fire bats (Volcano)
  A steam dragon (D:10)
  5 vampire mosquitoes
  3 hell hounds
  2 orc warriors
  3 wolves
  5 ogres
  A phantom (D:9)
  A gnoll sergeant (D:10)
  4 bullfrogs
  A wight (D:9)
  A killer bee (D:10)
  An electric eel (Lair:1)
  4 howler monkeys (D:10)
  A lava snake (Volcano)
  2 orc wizards
  A centaur simulacrum (D:8)
  An ogre zombie (D:9)
  2 gnolls (D:10)
  A white imp (D:8)
  5 orcs
  A goblin (Bailey)
  A goblin zombie (D:9)
  A hobgoblin skeleton (D:9)
  A kobold (D:9)
  An orc zombie (D:9)
92 creatures vanquished.

Vanquished Creatures (others)
  3 orc warriors (Bailey)
  3 ancestors (D:8)
  8 battlemagi
  An orc wizard (D:9)
  5 fungi
  9 plants
29 creatures vanquished.

Grand Total: 466 creatures vanquished

Notes
Turn   | Place    | Note
-------+----------+-------------------------------------------
     0 | D:1      | LustLizard the Troll Fighter began the quest for the Orb.
     0 | D:1      | Reached XP level 1. HP: 22/22 MP: 0/0
   322 | D:1      | Reached XP level 2. HP: 29/29 MP: 1/1
  1418 | D:3      | Reached XP level 3. HP: 36/36 MP: 2/2
  1445 | D:3      | Noticed Natasha
  1450 | D:3      | Killed Natasha
  1561 | D:3      | Reached XP level 4. HP: 23/44 MP: 3/3
  1728 | D:3      | Noticed Natasha
  1736 | D:3      | Killed Natasha
  1811 | D:3      | Noticed Natasha
  1819 | D:3      | Killed Natasha
  1820 | D:3      | Reached XP level 5. HP: 52/53 MP: 4/4
  1920 | D:4      | Noticed a phantom
  1965 | D:4      | Noticed a lemure
  1965 | D:4      | Noticed a lemure
  1996 | D:4      | Killed a lemure
  2007 | D:4      | Killed a lemure
  2029 | D:4      | Noticed a lemure
  2031 | D:4      | Noticed Pikel
  2052 | D:4      | Killed a lemure
  2364 | D:4      | Found Jonwed's Book Shop.
  2605 | D:4      | Noticed a black bear
  2612 | D:4      | Noticed a lemure
  2617 | D:4      | Killed a black bear
  2618 | D:4      | Reached XP level 6. HP: 45/61 MP: 5/5
  2624 | D:4      | Killed Pikel
  2625 | D:4      | Reached XP level 7. HP: 46/70 MP: 6/6
  2961 | D:5      | Entered Level 5 of the Dungeon
  3106 | D:5      | Noticed Prince Ribbit
  3117 | D:5      | Killed Prince Ribbit
  3118 | D:5      | Reached skill level 5 in Shields
  3118 | D:5      | Reached XP level 8. HP: 65/79 MP: 7/7
  3727 | D:5      | Found a glowing golden altar of the Shining One.
  4100 | D:6      | Found Jucvych's Antique Armour Shop.
  4105 | D:6      | Found Ynloyr's Weapon Boutique.
  4118 | D:6      | Noticed Menkaure
  4603 | D:6      | Noticed Maggie
  4735 | D:6      | Reached skill level 5 in Fighting
  4888 | D:6      | Killed Maggie
  4930 | D:6      | Killed Menkaure
  4931 | D:6      | Reached XP level 9. HP: 88/88 MP: 8/8
  5002 | D:6      | Found a staircase to the Ecumenical Temple.
  5040 | Temple   | Entered the Ecumenical Temple
  5078 | Temple   | Became a worshipper of Hepliaklqana the Forgotten
  5226 | D:7      | Reached skill level 1 in Polearms
  5272 | D:7      | Reached skill level 2 in Polearms
  5283 | D:7      | Found a flagged portal.
  5366 | Bailey   | Entered a bailey
  5663 | Bailey   | Reached skill level 3 in Polearms
  5902 | Bailey   | Reached skill level 4 in Polearms
  6144 | Bailey   | Acquired the +2 hat of Athuiqer {rPois rC- Will+ Regen+}
  6183 | Bailey   | Found the +2 hat of the Bear Spirit {Spirit, *Rage Will++}
  6293 | Bailey   | Noticed a kobold demonologist
  6299 | Bailey   | Noticed a kobold demonologist
  6303 | Bailey   | Killed a kobold demonologist
  6308 | Bailey   | Killed a kobold demonologist
  6308 | Bailey   | Noticed an orc knight
  6309 | Bailey   | Reached skill level 5 in Polearms
  6309 | Bailey   | Reached XP level 10. HP: 44/100 MP: 9/9
  6775 | D:7      | Found a transporter.
  6778 | D:7      | Noticed Icepheonix32's ghost (novice OpTm)
  6981 | D:8      | Reached * piety under Hepliaklqana
  7107 | D:8      | Reached skill level 6 in Polearms
  7112 | D:8      | HP: 4/91 [electric eel/bolt of electricity (7)]
  7491 | D:8      | Found a basalt altar of Yredelemnul.
  7596 | D:8      | Reached skill level 7 in Polearms
  7779 | D:8      | Acquired a +0 kite shield of reflection
  7959 | D:9      | Found Qanumopu's Assorted Antiques.
  7968 | D:9      | Bought a white potion for 17 gold pieces
  7968 | D:9      | Bought an orange potion for 17 gold pieces
  7968 | D:9      | Bought a scroll labelled ROZEPA XAGY for 19 gold pieces
  7968 | D:9      | Bought an inky potion for 17 gold pieces
  7993 | D:9      | Reached ** piety under Hepliaklqana
  7997 | D:9      | Remembered your ancestor Æðelind as a battlemage
  7999 | D:9      | Found a staircase to the Orcish Mines.
  8052 | D:9      | Reached XP level 11. HP: 98/98 MP: 10/10
  8119 | D:9      | You fall into a shaft and drop 2 floors!
  8128 | D:11     | Noticed a four-headed hydra
  8135 | D:11     | Killed a four-headed hydra
  8205 | D:10     | Entered Level 10 of the Dungeon
  8416 | D:10     | Reached skill level 8 in Polearms
  8673 | D:10     | Reached *** piety under Hepliaklqana
  9748 | D:9      | Found a shimmering blue altar of Sif Muna.
  9748 | D:9      | Noticed Erolcha
  9758 | D:9      | Killed Erolcha
  9917 | D:11     | Noticed a two-headed ogre
  9924 | D:11     | Killed a two-headed ogre
  9981 | D:11     | Reached **** piety under Hepliaklqana
  9993 | D:11     | Found an iron altar of Okawaru.
 10039 | D:11     | Found a staircase to the Lair.
 10252 | D:11     | Noticed Lodul
 10264 | D:11     | Reached skill level 9 in Polearms
 10271 | D:11     | Killed Lodul
 10341 | D:11     | Reached XP level 12. HP: 102/109 MP: 11/11
 10350 | D:11     | Found a white marble altar of Elyvilon.
 10956 | Lair:1   | Entered Level 1 of the Lair of Beasts
 11074 | Lair:1   | Identified the +9 sling of Dinao {vorpal, rPois rN+ MP+9
                  | Int+4}
 11544 | Lair:1   | Reached skill level 10 in Polearms
 11817 | Lair:2   | Found a hole to the Spider Nest.
 11910 | Lair:2   | Reached skill level 10 in Shields
 11994 | Lair:2   | Reached ***** piety under Hepliaklqana
 12150 | Lair:2   | Found a staircase to the Swamp.
 12157 | Lair:2   | Reached skill level 5 in Dodging
 12639 | Lair:3   | Noticed a death yak
 12639 | Lair:3   | Noticed a death yak
 12639 | Lair:3   | Noticed a death yak
 12639 | Lair:3   | Noticed a death yak
 12678 | Lair:3   | Reached XP level 13. HP: 93/117 MP: 12/12
 12705 | Lair:3   | Reached skill level 11 in Polearms
 13697 | Lair:4   | Found a dark tunnel.
 13714 | Volcano  | Entered a volcano
 13872 | Volcano  | Found a burning altar of Makhleb.
 13875 | Volcano  | Reached skill level 10 in Fighting
 14300 | Lair:4   | Reached skill level 12 in Polearms
 14341 | Lair:4   | Noticed Rupert
 14362 | Lair:4   | Killed Rupert
 15047 | D:7      | Found a transporter.
 15063 | D:7      | Killed Icepheonix32's ghost
 15496 | D:12     | Reached XP level 14. HP: 129/129 MP: 13/13
 15518 | D:12     | Noticed Snorg
 15525 | D:12     | Killed Snorg
 15913 | D:12     | Reached ****** piety under Hepliaklqana
 16199 | D:13     | Noticed Sonja
 16204 | D:13     | Killed Sonja
 16373 | D:13     | Noticed Jorgrun
 16374 | D:13     | Noticed Frances
 16391 | D:13     | Killed Jorgrun
 16393 | D:13     | Slain by a sun demon

Illustrated notes

Levels and vault maps discovered:
D:1:      lightli_arrival_flooded_house, layout_basic, minmay_pentomino_u2
D:2:      layout_basic, nicolae_figureground_pulse
D:3:      layout_basic, uniq_natasha
D:4:      layout_loops_corners, serial_shops, shop, uniq_pikel
D:5:      layout_layer_cave, nicolae_tso_swordbearing_angel,
          minmay_misc_feat_five, uniq_prince_ribbit1
D:6:      layout_basic, minmay_temple_entry_enclosed_plants, serial_shops,
          nicolae_shop_bloodbath_and_beyond, shop_fountains, uniq_menkaure,
          uniq_maggie
D:7:      layout_basic, gammafunk_ghost_smash, enter_bailey_1
D:8:      layout_cave_pools, mainiacjoe_overflow_paths, serial_ice,
          serial_ice_o, serial_ice_i, serial_ice_b, serial_ice_e
D:9:      layout_stronghold, tgw_sif, zombieorc1_lemuel, serial_shops,
          nicolae_shop_advertising_works [nicolae_subvault_shop_adworks],
          chequers_serial_rivers_large_a, uniq_erolcha
D:10:     layout_grid_maze
D:11:     layout_cave_pods, david_lair_generic, serial_park, serial_park_square3
          [serial_park_minivault_5x5_4], serial_park_gazebo
          [serial_park_minivault_5x5_7], serial_park_square1
          [serial_park_minivault_5x5_2], serial_park_tiny_2, corner_web_ring,
          okawaru_humans, uniq_lodul
D:12:     layout_stronghold, uniq_snorg
D:13:     layout_gridville, uniq_kirke, uniq_frances, uniq_sonja, uniq_jorgrun
Temple:   hellmonk_temple_of_storms
Lair:1:   layout_regular_city, infiniplex_staircase_pool
Lair:2:   layout_regular_city, skrybe_swamp_entry_bodies, spider_nest_entry_webs
Lair:3:   layout_chaotic_city
Lair:4:   layout_cave_pods, enter_volcano_3, uniq_rupert

Skill      XL: |  1  2  3  4  5  6  7  8  9 10 11 12 13 14 |
---------------+-------------------------------------------+-----
Shields        | 3 4 5 6 7 8 9 10 11 | 11.4
Unarmed Combat | 3 4 6 7 8 |  8.5
Fighting       | 3 4 5 6 7 8 9 10 | 10.5
Polearms       | 5 7 9 10 12 | 12.6
Dodging        | 3 5 6 7 |  7.0

Action                   |  1- 3 |  4- 6 |  7- 9 | 10-12 | 13-15 || total
-------------------------+-------+-------+-------+-------+-------++-------
Melee: Unarmed           |    82 |   101 |   241 |     6 |       ||   430
       Lance             |       |       |       |   601 |   349 ||   950
Throw: Dart              |       |     4 |    15 |    10 |       ||    29
       Stone             |       |       |    10 |     2 |     4 ||    16
Invok: Ancestor Life: Ba |       |       |       |     1 |       ||     1
       Recall Ancestor   |       |       |       |     2 |     4 ||     6
Evoke: Wand              |       |       |    13 |       |       ||    13
  Use: Scroll            |       |     1 |     1 |    14 |    10 ||    26
       Potion            |       |     1 |     1 |       |     2 ||     4
 Stab: Distracted        |       |       |       |     6 |     2 ||     8
       Sleeping          |       |       |       |     1 |       ||     1
Armor: Robe              |    18 |    22 |    32 |    80 |    16 ||   168
       Skin              |       |     2 |       |       |       ||     2
       Troll leather arm |       |       |       |       |     5 ||     5
Dodge: Dodged            |    22 |    22 |    76 |    84 |    39 ||   243
Block: Kite shield       |    37 |    33 |   102 |   289 |   173 ||   634
       Reflection        |       |       |       |     9 |     5 ||    14
